 Dungeon Crawl Stone Soup version 0.31-a0-596-g831eee08f1 (webtiles) character file.

Game seed: 16878400985572268827

2009504 Ofeo the Smokeless Flame (level 27, 215/215 HPs)
             Began as a Djinni Fire Elementalist on Aug 20, 2023.
             Was an Initiate of Gozag.
             Escaped with the Orb
             ... and 4 runes!
             The game lasted 03:58:44 (87751 turns).

Ofeo the Smokeless Flame (DjFE)                    Turns: 87751, Time: 03:58:45

Health: 215/215    AC: 20    Str: 12    XL:     27
Gold:   3828       EV: 20    Int: 32    God:    Gozag SH: 31 Dex: 20

rFire   + + .        K - staff "Udi Adis" {Fragile rElec rC+ Str+3 Fire Ice}
rCold   + + +        J - +18 shield of the Gong {Loud rN+ Will+ rCorr EV-5}
rNeg    + + .        V - +0 acid dragon scales "Imir" {rC++ Regen+ rCorr SInv}
rPois   ∞            P - +1 hat of the Contumacious God {rC+ rN+ Str-2 Stlth+}
rElec   +            y - +0 cloak "Detudegi" {Int+3 Dex+2}
rCorr   +            i - +2 pair of gloves
SInv    +            (boots unavailable)
Will    +++..        z - amulet "Ebisy" {rC+ Regen+ Str+4}
Stlth   ++           E - +4 ring of protection
HPRegen 2.15/turn    O - ring of the Mage {Wiz Archmagi}
MPRegen 0.00/turn

%: wizardry (x1), archmagi
@: flying, studying 2 skills
A: sickness immunity, fire resistance 2, cold vulnerability 1, float, innate
caster, HP casting, extra vitality 1, horns 1, thin skeletal structure 1,
deterioration 1
0: Orb of Zot
}: 4/15 runes: barnacled, slimy, silver, gossamer
a: Renounce Religion, Potion Petition, Call Merchant, Bribe Branch


You escaped.
You worshipped Gozag.
Gozag was most pleased with you.
You visited 11 branches of the dungeon, and saw 53 of its levels.
You visited 3 bazaars.
You also visited: Bailey and Ice Cave.

You collected 27009 gold pieces.
You spent 10129 gold pieces at shops.
You paid 13052 gold pieces to Gozag.

Inventory:

Missiles
 n - 9 throwing nets
Armour
 i - a +2 pair of gloves (worn)
 v - a +2 buckler of protection
 y - the +0 cloak "Detudegi" (worn) {Int+3 Dex+2}
   (You bought it in a shop on level 15 of the Dungeon)

   Int+3:     It affects your intelligence (+3).
   Dex+2:     It affects your dexterity (+2).
 J - the +18 shield of the Gong (worn) {Loud rN+ Will+ rCorr EV-5}
   (You bought it in a shop on level 15 of the Dungeon)

   Loud:      It is deafeningly noisy when blocking attacks.
   EV-5:      It affects your evasion (-5).
   rN+:       It protects you from negative energy.
   Will+:     It increases your willpower.
   rCorr:     It protects you from acid and corrosion.
 N - the +2 hat of the Bear Spirit {Spirit, Bear, *Rage Will++}
   (You acquired it in an ice cave)

   Bear:      Going berserk makes the wearer exceptionally tough, and they are
   slowed for a shorter time afterward.
   Will++:    It greatly increases your willpower.
   *Rage:     It berserks you when you make melee attacks (+20% chance).
 P - the +1 hat of the Contumacious God (worn) {rC+ rN+ Str-2 Stlth+}
   (You bought it in a shop on level 15 of the Dungeon)

   Str-2:     It affects your strength (-2).
   rC+:       It protects you from cold.
   rN+:       It protects you from negative energy.
   Stlth+:    It makes you more stealthy.
 V - the +0 acid dragon scales "Imir" (worn) {rC++ Regen+ rCorr SInv}
   (You bought it in a shop on level 2 of the Orcish Mines)

   rC++:      It greatly protects you from cold.
   SInv:      It lets you see invisible.
   Regen+:    It increases your rate of health regeneration.
   rCorr:     It protects you from acid and corrosion.
Magical Staves
 K - the staff "Udi Adis" (weapon) {Fragile rElec rC+ Str+3 Fire Ice}
   (You found it on level 5 of the Pits of Slime)

   [staff of cold]

   Base accuracy: +5 Base damage: 5 Base attack delay: 1.2 This weapon's minimum
   attack delay (0.6) is reached at skill level 12.
   Str+3:     It affects your strength (+3).
   rC+:       It protects you from cold.
   rElec:     It insulates you from electricity.
   Fragile:   It will be destroyed if unequipped.
   Fire:      It increases the power of your Fire spells.
   Ice:       It increases the power of your Ice spells.
   It falls into the 'Staves' category.
   It is a one-handed weapon.
Jewellery
 z - the amulet "Ebisy" (around neck) {rC+ Regen+ Str+4}
   (You bought it in a shop on level 2 of the Depths)

   [amulet of regeneration]

   Str+4:     It affects your strength (+4).
   rC+:       It protects you from cold.
   Regen+:    It increases your rate of health regeneration.
 E - a +4 ring of protection (left hand)
 H - the ring of Qagasm {rPois Will+ Dex+6}
   (You took it off a deep elf sorcerer on level 5 of the Vaults)

   [ring of dexterity]

   Dex+6:     It affects your dexterity (+6).
   rPois:     It protects you from poison Will+: It increases your willpower.
 O - the ring of the Mage (right hand) {Wiz Archmagi}
   (You bought it in a shop on level 2 of the Depths)

   [ring of wizardry]

   Wiz:       It improves your spell success rate.
   Archmagi:  It increases the power of your magical spells.
Talismans
 b - a talisman of death
Wands
 k - a wand of mindburst (70)
 p - a wand of paralysis (50)
 x - a wand of iceblast (76) {@v4}
 A - a wand of quicksilver (32)
 U - a wand of digging (20) {@v1}
Scrolls
 c - 10 scrolls of fog
 f - 2 scrolls of revelation
 g - 9 scrolls of fear
 o - 21 scrolls of teleportation {@r3}
 t - a scroll of brand weapon
 w - 8 scrolls of poison
 D - 2 scrolls of blinking {@r4}
 F - 3 scrolls of summoning
 G - 13 scrolls of immolation
 T - 8 scrolls of vulnerability
 W - 3 scrolls of enchant armour
 Z - 2 scrolls of silence
Potions
 a - 4 potions of ambrosia
 d - 11 potions of attraction
 e - 9 potions of enlightenment
 h - 11 potions of heal wounds {@q2}
 j - 5 potions of brilliance
 l - 5 potions of lignification
 m - 9 potions of might {@q4}
 q - 32 potions of curing {@q1}
 r - 6 potions of resistance {@q6}
 s - 13 potions of haste {@q3}
 B - 3 potions of cancellation
 I - 4 potions of invisibility
 M - 12 potions of mutation
 R - 5 potions of berserk rage
Miscellaneous
 u - a phial of floods
 C - a phantom mirror
 L - a condenser vane
 Q - a lightning rod (4/4)
 X - a sack of spiders


   Skills:
 - Level 23.1 Fighting
 - Level 15.7 Armour
 - Level 21.6 Dodging
 - Level 10.0 Stealth
 + Level 11.8 Shields
 - Level 23.4 Spellcasting
 - Level 23.4 Conjurations
 - Level 23.4 Hexes
 - Level 24.7 Summonings
 - Level 23.4 Necromancy
 - Level 23.4 Translocations
 - Level 23.4 Transmutations
 O Level 27 Fire Magic
 - Level 23.4 Ice Magic
 - Level 23.4 Air Magic
 - Level 23.4 Earth Magic
 - Level 23.4 Poison Magic
 - Level 12.0 Evocations
 - Level 3.6 Shapeshifting


You knew the following spells:

 Your Spells              Type           Power      Damage    Failure   Level
a - Ignition              Fire           84%        3d22      1%          8
h - Swiftness             Air            100%       N/A       0%          3
i - Summon Guardian Gole  Hex/Summ       100%       N/A       0%          3
j - Yara's Violent Unrav  Hex/Tmut       68%        3d25      0%          5
k - Lee's Rapid Deconstr  Erth           68%        3d31*     0%          5
l - Starburst             Conj/Fire      82%        6d21      0%          6
m - Malign Gateway        Summ/Tloc      68%        N/A       1%          7
n - Leda's Unmaking       Conj/Erth      68%        9d11      1%          6
p - Ozocubu's Refrigerat  Ice            80%        4d25      1%          7
r - Death's Door          Necr           68%        N/A       6%          9
z - Disjunction           Tloc           68%        N/A       1%          8
A - Foxfire               Conj/Fire      100%       2x1d9     0%          1
B - Scorch                Fire           100%       2d9       0%          2
C - Volatile Blastmotes   Fire/Tloc      100%       2d18      0%          3
D - Inner Flame           Hex/Fire       100%       N/A       0%          3
E - Flame Wave            Conj/Fire      100%       2d21      0%          4
F - Sting                 Tmut/Pois      100%       1d8       0%          1
G - Searing Ray           Conj           100%       2d8       0%          2
Your spell library was empty.

Dungeon Overview and Level Annotations

Branches:
Dungeon (15/15)            Temple (1/1) D:7            Lair (5/5) D:11
 Shoals (4/4) Lair:3       Spider (4/4) Lair:3        Slime (5/5) Lair:4
    Orc (2/2) D:10            Elf (3/3) Orc:2        Vaults (5/5) D:13
  Crypt (0/3) Vaults:3     Depths (4/4) D:15            Zot (5/5) Depths:4
 Bailey (visited)           IceCv (visited)

Altars:
Ashenzari
Cheibriados
Dithmenos
Elyvilon
Fedhas
Gozag
Hepliaklqana
Makhleb
Nemelex Xobeh
Okawaru
Qazlal
Ru
Trog
Uskayaw
Wu Jian
Xom
Yredelemnul
Zin
The Shining One
Jiyva

Shops:
D:1 [   D:2 *   D:7 =   D:11 [?[   D:15 :*[!=   Orc:1 [   Orc:2 *?*:   Elf:3 :(
Lair:3 [   Shoals:2 :   Vaults:3 [   Vaults:5 [   Depths:2 =[

Portals:
Hell: Depths:1 Depths:2 Depths:3 Depths:4
Abyss: Depths:3
Pandemonium: Depths:2 Depths:4
Ziggurat: Depths:3

Annotations:
D:7 1 runed translucent door, Crazy Yiuf
D:10 1 runed translucent door, bmack86's ghost, journeyman MiFi
Spider:3 2 runed translucent doors, Doqag's ghost, adept MfHs


Innate Abilities, Weirdness & Mutations

You are immune to sickness and miasma.
You are immune to poison.
Your flesh is very heat resistant. (rF++)
You are vulnerable to cold. (rC-)
You float through the air rather than walking.
You learn spells naturally, not from books.
Your magical power is your life essence.
You have superior vitality. (+4 MHP)
You have a pair of small horns on your head.
You have a somewhat thin skeletal structure. (Dex +2, Stealth+)
Your body sometimes deteriorates upon taking damage.


Message History

You fly upwards.
There is a stone staircase leading down here.
There is a stone staircase leading up here.
You fly upwards.
There is a stone staircase leading down here.
There is a stone staircase leading up here.
You fly upwards.
There is a stone staircase leading down here.
An Orb Guardian comes into view.
Health restored: 215 You feel a strong surge of power!
The bolt of fire hits the Orb Guardian!!!
The Orb Guardian is severely wounded.
You take 4 damage, and have 211/215 hp.
You feel a strong surge of power!
The bolt of fire hits the Orb Guardian!!!
You kill the Orb Guardian!
You take 4 damage, and have 207/215 hp.
What level of the Dungeon? (default 1, ? - help) HP restored.
There is a stone staircase leading up here.
You fly upwards.
There is a stone staircase leading down here.
There is a stone staircase leading up here.
You fly upwards.
There is a stone staircase leading down here.
Health restored: 215 A Brimstone Fiend comes into view.
Casting: Starburst (safe; 0% risk of failure)
Confirm with . or Enter, or press ? or * to list all spells.
You feel a strong surge of power!
The heat is drained from your surroundings.
The Brimstone Fiend is frozen!
You kill the Brimstone Fiend!
You now have 3828 gold pieces (gained 11).
You take 5 damage, and have 210/215 hp.
HP restored.
There is a staircase leading out of the dungeon here.
Health restored: 215 You have escaped!

.♣♣♣.♣♣ ♣♣♣.♣ ♣♣
♣♣.♣♣♣ ♣.♣ ♣ ♣♣..♣♣♣
♣♣.♣ ♣♣♣..♣ ♣..♣ ♣♣.♣
♣♣.♣♣ ♣♣.♣♣ ♣♣..♣♣ ♣♣
♣.♣♣ ♣.♣..♣♣♣ ≈♣♣♣
♣♣.♣♣ ♣......♣
≈≈≈♣♣♣.♣.♣♣♣♣♣..@..♣♣
♣≈≈≈♣♣♣....♣..P...♣♣
♣≈≈♣♣ ♣♣♣P♣.P♣♣♣♣♣♣
♣♣♣♣ ♣♣♣♣♣♣


There were no monsters in sight!

Vanquished Creatures
  the Royal Jelly (Slime:5)
  A seraph (Depths:4)
  2 orbs of fire (Zot:5)
  6 dread liches
  7 ancient liches
  4 Killer Klowns (Zot:5)
  Saint Roka (Vaults:3)
  Bai Suzhen (Spider:3)
  2 curse toes
  the Enchantress (Depths:2)
  Norris (Vaults:1)
  5 golden dragons
  2 hellephants
  2 doom hounds (Zot:2)
  A Brimstone Fiend (D:1)
  A Hell Sentinel (Depths:4)
  18 tentacled monstrosities
  2 electric golems (Zot:5)
  Zenata (Vaults:1)
  Rupert (Spider:2)
  27 Orb Guardians
  5 titans
  5 liches
  2 quicksilver dragons
  Asterion (Spider:1)
  Grunn (Zot:2)
  3 deep elf blademasters
  2 deep elf master archers (Elf:3)
  Gastronok (Lair:3)
  14 acid blobs
  8 death cobs
  6 sphinxes
  15 storm dragons
  Aizul (Spider:2)
  13 tengu reavers
  4 draconian monks
  Kirke (Spider:3)
  The ghost of Godd the Metamorph, an adept MfSh of Trog (Shoals:1)
  5 rockslimes (Slime:5)
  6 azure jellies
  10 shadow dragons
  A daeva (D:8)
  Roxanne (D:14)
  5 draconian knights
  3 fire giants
  2 balrugs
  9 deep elf sorcerers
  6 frost giants
  6 emperor scorpions
  A ghost moth (shapeshifter) (Depths:2)
  An iron dragon (Vaults:5)
  Louise (Elf:1)
  4 deep elf elementalists (Elf:3)
  18 vault wardens
  5 draconian shifters
  3 ghost moths
  An orc warlord (Vaults:4)
  An angel (Depths:4)
  2 cacodemons
  A demonspawn corrupter (Zot:5)
  6 draconian stormcallers
  4 draconian scorchers
  15 very ugly things
  4 war gargoyles
  4 draconian annihilators
  5 green draconians
  16 ironbound preservers
  6 spriggan defenders
  18 stone giants
  8 quicksilver oozes
  A demonspawn blood saint (Zot:5)
  A caustic shrike skeleton (D:15)
  2 reapers
  3 broodmothers
  9 formless jellyfish
  The ghost of GoodGuyCap the Severer, a journeyman HOMo of Beogh (Lair:3)
  3 vampire knights
  6 ironbound thunderhulks
  12 deep elf demonologists
  8 black draconians
  The ghost of Muulud the Spry, a journeyman SpBe of Trog (Lair:4)
  9 yellow draconians
  13 purple draconians
  7 deep elf annihilators
  11 dire elephants
  10 white draconians
  Nessos (D:13)
  9 spark wasps
  8 red draconians
  A blizzard demon (D:12)
  A green death (D:13)
  Snorg (Lair:3)
  12 merfolk impalers
  9 ettins
  7 deep elf death magi
  Josephine (D:14)
  A jiangshi (Depths:4)
  5 merfolk javelineers
  21 yaktaur captains
  3 crystal guardians
  6 entropy weavers
  7 deep elf high priests
  6 fire dragons
  8 ice dragons
  6 great orbs of eyes
  A radroach (Spider:1)
  2 rakshasas (D:15)
  A jorogumo (Spider:3)
  5 peacekeepers
  A hydra (shapeshifter) (Depths:3)
  31 vault guards
  3 ogre magi
  4 merfolk avatars
  A salamander tyrant (Depths:4)
  A catoblepas (Lair:3)
  2 hydras
  5 merfolk aquamancers
  Erica (D:10)
  6 boulder beetles
  10 ironbound frosthearts
  5 alligators (Shoals:2)
  A hell beast (Depths:4)
  3 spriggan air magi
  10 centaur warriors
  10 two-headed ogres
  7 demonic crawlers
  22 dancing weapons
  3 deep troll shamans
  7 deep troll earth magi
  13 tengu warriors
  12 orc high priests
  6 vampire magi
  8 spriggan berserkers
  A shock serpent (shapeshifter) (Vaults:5)
  Sonja (D:11)
  4 skysharks
  15 deep elf knights
  2 sun demons (Depths:3)
  2 titan skeletons
  11 hell knights
  3 sun moths
  5 pharaoh ants
  2 iron trolls (Depths:4)
  7 skeletal warriors (D:15)
  49 deep trolls
  A sixfirhy (Zot:2)
  A sea snake (shapeshifter) (Elf:1)
  6 sea snakes
  A shadow demon (Depths:1)
  2 flayed ghosts
  A glowing orange brain (Vaults:3)
  7 harpies
  15 deep elf pyromancers
  14 orb spiders
  A mana viper (shapeshifter) (Depths:3)
  5 deep elf archers
  23 ironbound convokers
  6 steelbarb worms
  20 deep elf zephyrmancers
  10 wizards
  6 lindwurms (Vaults:2)
  9 cyclopes
  8 fauns
  10 orc knights
  3 shining eyes (Slime:5)
  18 wolf spiders
  5 necromancers
  A fire giant zombie (D:15)
  17 ugly things
  3 orc sorcerers
  2 human zombies
  8 manticores
  An oklob plant (Lair:5)
  3 salamanders (Depths:4)
  8 merfolk sirens
  24 moths of wrath
  10 elephants
  17 water nymphs
  2 ice statues
  3 black mambas
  12 vault sentinels
  9 cane toads
  A cane toad (shapeshifter) (D:14)
  Jeremiah (Lair:1)
  2 eyes of devastation
  3 gargoyles
  8 torpor snails
  An elf skeleton (Vaults:5)
  5 rime drakes
  6 komodo dragons
  Maggie (D:8)
  A komodo dragon (shapeshifter) (Vaults:5)
  5 kobold demonologists
  3 orange demons
  2 unseen horrors
  27 yaktaurs
  A tormentor (Zot:4)
  4 efreet
  A freezing wraith (Vaults:5)
  A hellion (Zot:5)
  An ice devil (IceCv)
  A yaktaur skeleton (Vaults:5)
  12 tengu conjurers
  An anaconda simulacrum (IceCv)
  7 trolls
  40 merfolk
  8 polar bears
  3 meliai (D:14)
  A tarantella (shapeshifter) (Vaults:5)
  11 tarantellas
  9 hornets
  15 blink frogs
  6 dream sheep
  A raiju (shapeshifter) (D:11)
  A hornet (shapeshifter) (D:15)
  8 snapping turtles (Shoals:2)
  6 wind drakes
  9 air elementals
  A culicivora (shapeshifter) (D:14)
  54 slime creatures
  A vampire (D:9)
  2 shadows
  25 water elementals
  31 jumping spiders
  5 wyverns
  An ettin skeleton (Vaults:4)
  20 culicivoras
  6 spriggans
  6 wraiths
  32 yaks
  A ynoxinul (Zot:1)
  3 dire elephant simulacra (IceCv)
  A yak (shapeshifter) (Vaults:2)
  3 fire elementals
  5 hogs (Spider:3)
  3 basilisks
  16 humans
  A redback (shapeshifter) (Vaults:5)
  9 golden eyes
  12 vampire mosquitoes
  A catoblepas simulacrum (Lair:5)
  46 redbacks
  2 chaos spawn
  2 steam dragons
  A harpy simulacrum (IceCv)
  5 death yak simulacra
  A tengu zombie (D:15)
  7 wargs
  2 acid dragons
  4 hydra simulacra
  12 water moccasins
  A sky beast (D:7)
  2 ice beasts
  A black bear (Lair:1)
  30 orc warriors
  A black bear (shapeshifter) (Elf:1)
  10 ogres
  4 wolves
  A human skeleton (Vaults:4)
  13 centaurs
  3 lemures
  11 bullfrogs
  2 earth elementals (Elf:3)
  6 kobold brigands
  2 gnoll sergeants
  A cane toad simulacrum (IceCv)
  7 two-headed ogre simulacra (IceCv)
  5 scorpions
  A wight (D:9)
  3 elephant simulacra (IceCv)
  9 killer bees
  3 electric eels
  4 howler monkeys
  A torpor snail simulacrum (Lair:5)
  4 jellies
  7 hounds
  35 orc priests
  A gnoll bouda (D:6)
  A sleepcap (D:6)
  8 hell rats
  An iguana (D:7)
  3 troll simulacra (IceCv)
  25 orc wizards
  3 polar bear simulacra (IceCv)
  2 spriggan simulacra (IceCv)
  A wolf simulacrum (IceCv)
  22 gnolls
  9 adders
  6 naga simulacra (IceCv)
  3 river rats (Lair:4)
  A shadow imp (D:6)
  18 white imps
  9 ufetubi
  A worm (D:2)
  4 dart slugs
  104 orcs
  7 ball pythons
  11 bats
  5 endoplasms
  4 giant cockroaches
  22 goblins
  16 hobgoblins
  5 jackals (D:3)
  30 kobolds
  2 quokkas (D:4)
  4 frilled lizards
  8 rats
  A butterfly (Lair:1)
  3 foxfires (Zot:2)
2174 creatures vanquished.

Vanquished Creatures (collateral kills)
  A hellephant (Vaults:4)
  A fire giant (Depths:1)
  The ghost of Palms the Gelid, a journeyman DrIE of Vehumet (Shoals:1)
  An orc warlord (Vaults:2)
  An ironbound thunderhulk (Vaults:2)
  A very ugly thing (Depths:1)
  A black draconian (Depths:4)
  A dire elephant (Vaults:2)
  A red draconian (Zot:2)
  2 merfolk impalers (Shoals:4)
  A jiangshi (Depths:4)
  An entropy weaver (Vaults:1)
  An ice dragon (Depths:1)
  A spriggan air mage (Depths:2)
  2 centaur warriors (Vaults:2)
  A two-headed ogre (D:10)
  3 dancing weapons (Elf:2)
  A deep troll shaman (Depths:4)
  A deep troll earth mage (Depths:1)
  A deep elf knight (Elf:2)
  2 hell knights (Vaults:4)
  A skyshark (Vaults:1)
  A glowing orange brain (Depths:1)
  3 deep trolls
  A lindwurm (Vaults:2)
  An ironbound convoker (Vaults:2)
  2 orc knights (Vaults:2)
  A necromancer (Vaults:5)
  A water nymph (Shoals:4)
  A vault sentinel (Vaults:1)
  5 merfolk (Shoals:4)
  A hornet (Depths:2)
  A slime creature (Vaults:3)
  2 water elementals (Shoals:4)
  A spriggan (Depths:2)
48 creatures vanquished.

Vanquished Creatures (others)
  39 eldritch tentacles
  A ghost moth (Spider:2)
  An orc warlord (Bailey)
  A dire elephant (Lair:5)
  The ghost of bahustanut the Martial Artist, a journeyman OpSh of Gozag (D:11)
  A hydra (Lair:4)
  An ironbound frostheart (Vaults:3)
  A tengu warrior (D:9)
  3 two-headed ogres
  Urug (D:11)
  Nergalle (Lair:3)
  A skyshark (Lair:5)
  Amaemon (D:10)
  A deep elf knight (D:9)
  A slime creature (Lair:4)
  Pikel (D:7)
  A deep elf pyromancer (Elf:1)
  An ugly thing (D:9)
  A gargoyle (D:9)
  An anaconda simulacrum (IceCv)
  A yaktaur (D:9)
  A freezing wraith (D:9)
  A komodo dragon (shapeshifter) (D:11)
  2 trolls
  A polar bear (D:11)
  A frost giant simulacrum (Vaults:5)
  7 yaks
  A human (Spider:3)
  4 vampire mosquitoes (D:9)
  An acid dragon (D:8)
  6 orc warriors
  2 bullfrogs
  2 killer bees (D:7)
  An orc priest (D:9)
  3 orc wizards (D:9)
  A troll simulacrum (IceCv)
  A howler monkey simulacrum (D:9)
  An orc (D:8)
  2 hobgoblins (Bailey)
  A butterfly (Lair:1)
  62 foxfires
162 creatures vanquished.

Grand Total: 2384 creatures vanquished

Notes
Turn   | Place    | Note
-------+----------+-------------------------------------------
     0 | D:1      | Reached skill level 3 in Fire Magic
     0 | D:1      | Ofeo the Djinni Fire Elementalist began the quest for the
                  | Orb.
     0 | D:1      | Ofeo set off with the following spells memorised: Foxfire,
                  | Scorch, Volatile Blastmotes, Inner Flame, Flame Wave.
     0 | D:1      | Reached XP level 1. HP: 15/15 MP: 0/0
   273 | D:1      | Found Weafot's Antique Armour Shop.
   293 | D:1      | Reached XP level 2. HP: 20/21 MP: 0/0
   527 | D:1      | Noticed a golden eye
   531 | D:1      | Found a faded altar of an unknown god.
   533 | D:1      | Noticed a floating eye
   537 | D:1      | Noticed a floating eye
   537 | D:1      | Noticed a great orb of eyes
   584 | D:1      | Reached XP level 3. HP: 23/25 MP: 0/0
   584 | D:1      | Learned a level 1 spell: Sting
  1387 | D:2      | Found Ketidoif's General Store.
  1395 | D:2      | Bought a scroll of identify for 26 gold pieces
  1493 | D:2      | Reached XP level 4. HP: 19/31 MP: 0/0
  3665 | D:4      | Reached skill level 1 in Fighting
  3795 | D:4      | Reached XP level 5. HP: 31/37 MP: 0/0
  3795 | D:4      | Learned a level 2 spell: Searing Ray
  4489 | D:4      | Reached skill level 4 in Fire Magic
  4489 | D:4      | Reached XP level 6. HP: 37/45 MP: 0/0
  4789 | D:2      | Bought a scroll of enchant armour for 97 gold pieces
  4995 | D:5      | Entered Level 5 of the Dungeon
  4999 | D:5      | Reached XP level 7. HP: 41/50 MP: 0/0
  4999 | D:5      | Learned a level 3 spell: Swiftness
  5620 | D:5      | Reached skill level 5 in Spellcasting
  5620 | D:5      | Reached skill level 5 in Conjurations
  5620 | D:5      | Reached skill level 5 in Hexes
  5620 | D:5      | Reached skill level 5 in Summonings
  5620 | D:5      | Reached skill level 5 in Necromancy
  5620 | D:5      | Reached skill level 5 in Translocations
  5620 | D:5      | Reached skill level 5 in Transmutations
  5620 | D:5      | Reached skill level 5 in Fire Magic
  5620 | D:5      | Reached skill level 5 in Ice Magic
  5620 | D:5      | Reached skill level 5 in Air Magic
  5620 | D:5      | Reached skill level 5 in Earth Magic
  5620 | D:5      | Reached skill level 5 in Poison Magic
  5771 | D:5      | Identified the +11 plate armour of Evolution {rElec Will++
                  | Str-5}
  5846 | D:5      | Found a sacrificial altar of Ru.
  6020 | D:5      | Reached skill level 5 in Fighting
  6020 | D:5      | Reached XP level 8. HP: 22/59 MP: 0/0
  7202 | D:6      | Found a hide-covered altar of Uskayaw.
  7532 | D:6      | Found an iron altar of Okawaru.
  7706 | D:6      | Found a glowing golden altar of the Shining One.
  8030 | D:1      | Bought a glowing robe for 81 gold pieces
  8030 | D:1      | Bought a cloak for 99 gold pieces
  8147 | D:7      | Noticed Pikel
  8274 | D:7      | Reached skill level 6 in Fire Magic
  8278 | D:7      | Found Exaull's Jewellery Boutique.
  8504 | D:7      | Reached XP level 9. HP: 55/67 MP: 0/0
  8504 | D:7      | Learned a level 3 spell: Summon Guardian Golem
  8718 | D:7      | Found a staircase to the Ecumenical Temple.
  8729 | Temple   | Entered the Ecumenical Temple
  9093 | D:7      | Found an ornate altar of the Wu Jian Council.
  9189 | D:6      | Identified the +7 spear of the Philosopher {pain, Dex+5}
  9409 | D:7      | Killed Pikel
  9410 | D:7      | Reached skill level 7 in Fire Magic
  9765 | D:7      | Found a hazy altar of Hepliaklqana.
  9766 | D:7      | Found a faded altar of an unknown god.
  9773 | D:7      | Paralysed by a kobold brigand for 4 turns
  9850 | D:7      | Found a runed translucent door.
  9851 | D:7      | Noticed Crazy Yiuf
  9898 | D:8      | Noticed Maggie
  9929 | D:8      | Found a stormy altar of Qazlal.
 10003 | D:7      | Reached XP level 10. HP: 43/77 MP: 0/0
 10774 | D:8      | Killed Maggie
 10894 | D:8      | Identified a scroll of acquirement
 10894 | D:8      | Acquired an amulet of reflection
 11041 | D:8      | Reached skill level 8 in Fire Magic
 11343 | D:8      | Found a blossoming altar of Fedhas.
 11540 | Temple   | Became a worshipper of Gozag Ym Sagoz the Greedy
 11710 | D:9      | Noticed a kobold demonologist
 11710 | D:9      | Noticed a kobold demonologist
 11726 | D:9      | Noticed a sixfirhy
 11726 | D:9      | Killed a kobold demonologist
 11744 | D:9      | Killed a kobold demonologist
 11745 | D:9      | Reached skill level 10 in Fighting
 11791 | D:9      | Noticed a two-headed ogre
 11809 | D:9      | Killed a two-headed ogre
 11923 | D:9      | Found a flagged portal.
 11944 | Bailey   | Entered a bailey
 12451 | Bailey   | Noticed an orc warlord
 12457 | Bailey   | Reached skill level 1 in Evocations
 12477 | Bailey   | Killed an orc warlord
 12478 | Bailey   | Reached XP level 11. HP: 55/86 MP: 0/0
 12478 | Bailey   | Learned a level 5 spell: Yara's Violent Unravelling
 12861 | Bailey   | Reached skill level 5 in Dodging
 13024 | Bailey   | Reached XP level 12. HP: 100/100 MP: 0/0
 13286 | D:9      | Found a broken altar of Ashenzari.
 13814 | D:9      | Noticed a tengu warrior
 13815 | D:9      | Noticed a centaur warrior
 13815 | D:9      | Noticed a two-headed ogre
 13824 | D:9      | Killed a centaur warrior
 13830 | D:9      | Killed a tengu warrior
 13835 | D:9      | Reached skill level 5 in Evocations
 14054 | D:9      | Noticed a deep elf knight
 14069 | D:9      | Killed a deep elf knight
 14454 | D:9      | Killed a two-headed ogre
 14819 | D:9      | Reached XP level 13. HP: 94/106 MP: 0/0
 14819 | D:9      | Learned a level 5 spell: Lee's Rapid Deconstruction
 15126 | D:9      | Reached skill level 15 in Fighting
 15610 | D:10     | Entered Level 10 of the Dungeon
 15641 | D:9      | Gained mutation: You are weak. (Str -2) [you]
 15957 | D:10     | Found a white marble altar of Elyvilon.
 16112 | D:10     | Found a staircase to the Orcish Mines.
 16304 | D:10     | Found a runed translucent door.
 16306 | D:10     | Noticed Amaemon
 16318 | D:10     | Noticed bmack86's ghost (journeyman MiFi)
 16604 | D:10     | Noticed Erica
 16621 | D:10     | Killed Erica
 16724 | D:10     | Identified the +0 scale mail "Rapedypn" {rF+ rC- Will+}
 16808 | D:10     | Found a burning altar of Makhleb.
 16845 | D:10     | Gained mutation: You have hidden genetic defects. [you]
 17193 | D:10     | Killed Amaemon
 17481 | D:11     | Noticed Urug
 17489 | D:11     | Killed Urug
 18359 | D:11     | Gained mutation: Your body sometimes deteriorates upon
                  | taking damage. [hidden defects]
 18948 | D:11     | Noticed Sonja
 18952 | D:11     | Killed Sonja
 18953 | D:11     | Reached skill level 10 in Dodging
 19145 | D:11     | Gained mutation: You have terrible hidden genetic defects.
                  | [hidden defects]
 19145 | D:11     | Lost mutation: You have terrible hidden genetic defects.
                  | [hidden defects expressed]
 19379 | D:11     | Found a staircase to the Lair.
 19476 | D:11     | Noticed a four-headed hydra
 19479 | D:11     | Killed a four-headed hydra
 19592 | D:11     | Reached XP level 14. HP: 91/116 MP: 0/0
 20047 | D:11     | Found a runed translucent gate.
 20047 | D:11     | Noticed bahustanut's ghost (journeyman OpSh)
 20199 | D:11     | Found a bloodstained altar of Trog.
 20287 | D:11     | Found a runed translucent gate.
 20288 | D:11     | Found a runed translucent gate.
 20288 | D:11     | Identified the +0 chain mail "Ytiwn" {rElec rN+}
 20330 | D:11     | Killed bahustanut's ghost
 20622 | Lair:1   | Entered Level 1 of the Lair of Beasts
 20661 | Lair:1   | Gained mutation: Your spells are a little easier to cast,
                  | but a little less powerful. [hidden defects]
 20663 | Lair:1   | Lost mutation: Your spells are a little easier to cast, but
                  | a little less powerful. [potion of mutation]
 20663 | Lair:1   | Lost mutation: You have hidden genetic defects. [potion of
                  | mutation]
 20663 | Lair:1   | Lost mutation: You are weak. (Str -2) [potion of mutation]
 20663 | Lair:1   | Gained mutation: Your mind is acute. (Int +4, Str/Dex -1)
                  | [potion of mutation]
 20663 | Lair:1   | Gained mutation: You have a pair of small horns on your
                  | head. [potion of mutation]
 20663 | Lair:1   | Gained mutation: You have a somewhat thin skeletal
                  | structure. (Dex +2, Stealth+) [potion of mutation]
 20702 | Lair:1   | Noticed Jeremiah
 20745 | Lair:1   | Reached skill level 9 in Fire Magic
 20820 | Lair:1   | Killed Jeremiah
 23555 | Lair:3   | Noticed Snorg
 23566 | Lair:3   | Noticed Gastronok
 24473 | Lair:3   | Killed Snorg
 24693 | Lair:3   | Killed Gastronok
 24694 | Lair:3   | Reached skill level 10 in Spellcasting
 24694 | Lair:3   | Reached skill level 10 in Conjurations
 24694 | Lair:3   | Reached skill level 10 in Hexes
 24694 | Lair:3   | Reached skill level 10 in Summonings
 24694 | Lair:3   | Reached skill level 10 in Necromancy
 24694 | Lair:3   | Reached skill level 10 in Translocations
 24694 | Lair:3   | Reached skill level 10 in Transmutations
 24694 | Lair:3   | Reached skill level 10 in Fire Magic
 24694 | Lair:3   | Reached skill level 10 in Ice Magic
 24694 | Lair:3   | Reached skill level 10 in Air Magic
 24694 | Lair:3   | Reached skill level 10 in Earth Magic
 24694 | Lair:3   | Reached skill level 10 in Poison Magic
 25003 | Lair:3   | Noticed GoodGuyCap's ghost (journeyman HOMo)
 25006 | Lair:3   | Found a runed translucent door.
 25271 | Lair:3   | Found a staircase to the Shoals.
 25503 | Lair:3   | Found a hole to the Spider Nest.
 25543 | Lair:3   | Noticed Nergalle
 25588 | Lair:3   | Killed Nergalle
 26689 | Lair:3   | Killed GoodGuyCap's ghost
 26870 | Lair:3   | Acquired a manual of Dodging
 26897 | Lair:3   | Bought a bronze leather armour for 210 gold pieces
 26897 | Lair:3   | Identified the +4 leather armour of Inviolability {Int+2}
                  | (You bought it in a shop on level 3 of the Lair of Beasts)
 27142 | Lair:4   | Reached XP level 15. HP: 113/124 MP: 0/0
 27142 | Lair:4   | Learned a level 6 spell: Starburst
 27432 | Lair:4   | Found a staircase to the Slime Pits.
 27432 | Lair:4   | Found a viscous altar of Jiyva.
 28089 | Lair:5   | Entered Level 5 of the Lair of Beasts
 28138 | Lair:5   | Noticed Muulud's ghost (journeyman SpBe)
 28230 | Lair:5   | Found a runed translucent gate.
 28230 | Lair:5   | Found a runed translucent gate.
 28230 | Lair:5   | Found a runed translucent gate.
 29545 | Lair:5   | Identified the +4 dagger "Pocufy" {flame, rElec rCorr SInv}
 30145 | Lair:4   | Killed Muulud's ghost
 31014 | D:11     | Bought a scroll of blinking for 127 gold pieces
 31041 | Orc:1    | Entered Level 1 of the Orcish Mines
 31042 | Orc:1    | Found a frozen archway.
 31089 | IceCv    | Entered an ice cave
 31390 | IceCv    | Acquired the +2 hat of the Bear Spirit {Spirit, Bear, *Rage
                  | Will++}
 31390 | IceCv    | Found the +2 hat of the Bear Spirit {Spirit, Bear, *Rage
                  | Will++}
 32831 | IceCv    | Noticed a reaper
 32840 | IceCv    | Killed a reaper
 33740 | Orc:1    | Found Jutzij's Antique Armour Emporium.
 33762 | Orc:1    | Bought an embroidered cloak for 165 gold pieces
 33780 | Orc:1    | Reached skill level 1 in Shields
 33933 | Orc:2    | Entered Level 2 of the Orcish Mines
 34966 | Orc:2    | Reached XP level 16. HP: 104/134 MP: 0/0
 35579 | Orc:2    | Reached skill level 5 in Shields
 35694 | Orc:2    | Found a staircase to the Elven Halls.
 36018 | Orc:2    | Found Okhlepon's Assorted Antiques.
 36018 | Orc:2    | Found Gojonlia's Book Boutique.
 36194 | Orc:2    | Found Hypopel's General Store.
 36194 | Orc:2    | Found Dav Eczo's Magic Scroll Boutique.
 36199 | Orc:2    | Bought a potion of resistance for 160 gold pieces
 36208 | Orc:2    | Bought a scroll of fear for 40 gold pieces
 36208 | Orc:2    | Bought a scroll of teleportation for 30 gold pieces
 36208 | Orc:2    | Bought a scroll of teleportation for 30 gold pieces
 36208 | Orc:2    | Bought a scroll of teleportation for 30 gold pieces
 36293 | Orc:2    | Bought buzzing acid dragon scales for 1440 gold pieces
 36293 | Orc:2    | Identified the +0 acid dragon scales "Imir" {rC++ Regen+
                  | rCorr SInv} (You bought it in a shop on level 2 of the
                  | Orcish Mines)
 37365 | D:12     | Found a sparkling altar of Nemelex Xobeh.
 37694 | D:13     | Noticed Nessos
 37694 | D:13     | Found a gate to the Vaults.
 37696 | D:13     | Killed Nessos
 38527 | D:13     | Found a gateway to a bazaar.
 38886 | D:14     | Noticed Josephine
 38894 | D:14     | Killed Josephine
 39134 | D:14     | Reached skill level 1 in Armour
 39224 | D:14     | Found an opulent altar of Gozag.
 39365 | D:14     | Noticed Roxanne
 39369 | D:14     | Reached skill level 10 in Shields
 39370 | D:14     | Killed Roxanne
 39848 | D:15     | Entered Level 15 of the Dungeon
 39921 | D:15     | Found a staircase to the Depths.
 39939 | D:15     | Reached skill level 5 in Armour
 40313 | D:15     | Identified the +0 ring mail "Ramiumif" {Str+5 SInv}
 40404 | D:15     | Reached XP level 17. HP: 104/139 MP: 0/0
 40404 | D:15     | Learned a level 7 spell: Malign Gateway
 40678 | D:15     | Found Liuts's Distillery.
 40682 | D:15     | Bought a potion of heal wounds for 70 gold pieces
 40682 | D:15     | Bought a potion of heal wounds for 70 gold pieces
 40682 | D:15     | Bought a potion of resistance for 140 gold pieces
 40682 | D:15     | Bought 2 potions of brilliance for 112 gold pieces
 40797 | D:15     | Found Lytiboj's Assorted Antiques.
 41005 | D:15     | Found Apsef's Book Shop.
 41301 | D:15     | Bought a scroll of enchant armour for 202 gold pieces
 41405 | Bazaar   | Entered a bazaar
 41405 | Bazaar   | Found Naenota's Jewellery Boutique.
 41406 | Bazaar   | Found Cussumaa's Distillery.
 41411 | Bazaar   | Found Ytethouv's Antique Weapon Shoppe.
 41418 | Bazaar   | Found Jeifofat's Assorted Antiques.
 41435 | Bazaar   | Found Lapsum's Book Shoppe.
 41464 | Bazaar   | Bought an encrusted fluorescent wand for 100 gold pieces
 41464 | Bazaar   | Bought 2 scrolls of poison for 200 gold pieces
 41478 | Bazaar   | Bought a potion of heal wounds for 55 gold pieces
 41478 | Bazaar   | Bought a potion of haste for 110 gold pieces
 41478 | Bazaar   | Bought a potion of heal wounds for 55 gold pieces
 41478 | Bazaar   | Bought a potion of haste for 110 gold pieces
 41478 | Bazaar   | Bought a potion of heal wounds for 55 gold pieces
 41478 | Bazaar   | Bought a potion of haste for 110 gold pieces
 41478 | Bazaar   | Bought a potion of enlightenment for 55 gold pieces
 41478 | Bazaar   | Bought 2 potions of degeneration for 22 gold pieces
 41655 | Spider:1 | Entered Level 1 of the Spider Nest
 41683 | Spider:1 | Reached skill level 11 in Fire Magic
 41798 | Spider:1 | Noticed Asterion
 41798 | Spider:1 | Noticed Rupert
 41811 | Spider:1 | Killed Asterion
 43431 | Spider:2 | Reached skill level 10 in Armour
 43634 | Spider:2 | Reached skill level 15 in Dodging
 44026 | Spider:2 | Noticed Aizul
 44032 | Spider:2 | Reached skill level 12 in Fire Magic
 44034 | Spider:2 | Killed Rupert
 44034 | Spider:2 | Killed Aizul
 44101 | Spider:2 | Reached XP level 18. HP: 131/146 MP: 0/0
 44439 | Spider:3 | Noticed Bai Suzhen
 44475 | Spider:3 | Killed Bai Suzhen
 44695 | Spider:3 | Noticed Kirke
 44702 | Spider:3 | Killed Kirke
 45372 | Spider:3 | Found a large runed translucent door.
 45372 | Spider:3 | Found a large runed translucent door.
 45374 | Spider:3 | Noticed Doqag's ghost (adept MfHs)
 45762 | Spider:4 | Entered Level 4 of the Spider Nest
 46677 | Spider:4 | Reached skill level 13 in Fire Magic
 47107 | Spider:4 | Got a gossamer rune of Zot
 47348 | Shoals:1 | Entered Level 1 of the Shoals
 47687 | Shoals:1 | Found a runed translucent gate.
 47687 | Shoals:1 | Found a runed translucent gate.
 47687 | Shoals:1 | Found a runed translucent gate.
 47709 | Shoals:1 | Noticed Palms's ghost (journeyman DrIE)
 47709 | Shoals:1 | Noticed Godd's ghost (adept MfSh)
 47790 | Shoals:1 | Reached skill level 14 in Fire Magic
 47925 | Shoals:1 | Reached XP level 19. HP: 146/151 MP: 0/0
 47925 | Shoals:1 | Learned a level 6 spell: Leda's Unmaking
 48354 | Shoals:1 | Killed Palms's ghost
 48367 | Shoals:1 | Killed Godd's ghost
 48402 | Shoals:1 | Identified the +1 helmet "Umusoed" {rElec Int-4 Dex+7 SInv}
 49000 | Shoals:2 | Found Vyefufud's Book Boutique.
 49068 | Shoals:2 | Acquired a manual of Fire Magic
 49748 | Shoals:3 | Reached skill level 15 in Fire Magic
 50069 | Shoals:3 | Reached skill level 15 in Spellcasting
 50069 | Shoals:3 | Reached skill level 15 in Conjurations
 50069 | Shoals:3 | Reached skill level 15 in Hexes
 50069 | Shoals:3 | Reached skill level 15 in Summonings
 50069 | Shoals:3 | Reached skill level 15 in Necromancy
 50069 | Shoals:3 | Reached skill level 15 in Translocations
 50069 | Shoals:3 | Reached skill level 15 in Transmutations
 50069 | Shoals:3 | Reached skill level 15 in Ice Magic
 50069 | Shoals:3 | Reached skill level 15 in Air Magic
 50069 | Shoals:3 | Reached skill level 15 in Earth Magic
 50069 | Shoals:3 | Reached skill level 15 in Poison Magic
 50183 | Shoals:3 | Identified the +1 leather armour "Bamaigh" {Harm rCorr}
 50663 | Shoals:4 | Entered Level 4 of the Shoals
 50708 | Shoals:4 | Paralysed by an air elemental for 1 turns
 50769 | Shoals:4 | Reached skill level 16 in Fire Magic
 50869 | Shoals:4 | Identified the +5 mace of Kazeukko {freeze, rF++}
 51520 | Shoals:4 | Noticed a titan
 51530 | Shoals:4 | Killed a titan
 51568 | Shoals:4 | Got a barnacled rune of Zot
 51748 | Shoals:4 | Paralysed by an air elemental for 1 turns
 51753 | Shoals:4 | Paralysed by an air elemental for 1 turns
 51778 | Shoals:4 | Reached skill level 17 in Fire Magic
 51792 | Shoals:4 | Paralysed by an air elemental for 1 turns
 51839 | Shoals:4 | Paralysed by an air elemental for 1 turns
 52206 | Shoals:4 | Paralysed by an air elemental for 1 turns
 52211 | Shoals:4 | Paralysed by an air elemental for 1 turns
 52213 | Shoals:4 | Reached XP level 20. HP: 141/158 MP: 0/0
 52322 | Shoals:4 | Reached skill level 18 in Fire Magic
 52781 | Vaults:1 | Entered Level 1 of the Vaults
 52847 | Vaults:1 | Found a flickering gateway to a bazaar.
 52856 | Bazaar   | Entered a bazaar
 52879 | Bazaar   | Found Newenish's Distillery.
 52884 | Bazaar   | Bought a potion of mutation for 64 gold pieces
 52884 | Bazaar   | Bought a potion of mutation for 64 gold pieces
 52895 | Bazaar   | Found Raarchil's Jewellery Shoppe.
 52895 | Bazaar   | Found Guofor's Magic Scroll Emporium.
 52917 | Bazaar   | Found Lasiptei's Assorted Antiques.
 52917 | Bazaar   | Found Losimpig's Antique Weapon Emporium.
 52922 | Bazaar   | Bought a jewelled rapier for 216 gold pieces
 52922 | Bazaar   | Identified the +0 rapier "Starlight" {protect, rF+} (You
                  | bought it in a shop in a bazaar)
 52929 | Bazaar   | Bought a glimmering cloak for 190 gold pieces
 52929 | Bazaar   | Identified the +0 cloak "Cus Buq" {Rampage Will- Int+2}
                  | (You bought it in a shop in a bazaar)
 52929 | Bazaar   | Bought a scroll of blinking for 150 gold pieces
 52929 | Bazaar   | Bought a potion of mutation for 160 gold pieces
 52994 | Bazaar   | Bought a potion of enlightenment for 40 gold pieces
 53012 | Bazaar   | Bought a scroll of fog for 48 gold pieces
 53012 | Bazaar   | Bought a scroll of poison for 48 gold pieces
 53012 | Bazaar   | Bought a scroll of fog for 48 gold pieces
 53012 | Bazaar   | Bought a scroll of fear for 48 gold pieces
 53012 | Bazaar   | Bought a scroll of teleportation for 36 gold pieces
 53016 | Bazaar   | Bought a scroll of immolation for 48 gold pieces
 53422 | Vaults:1 | Noticed Norris
 53431 | Vaults:1 | Killed Norris
 53634 | Vaults:1 | Reached skill level 19 in Fire Magic
 53643 | Vaults:1 | Noticed Zenata
 53655 | Vaults:1 | Killed Zenata
 54924 | Vaults:2 | Reached skill level 20 in Fire Magic
 55170 | Vaults:2 | Found a huge runed gate.
 55170 | Vaults:2 | Found a huge runed gate.
 55170 | Vaults:2 | Found a huge runed gate.
 55170 | Vaults:2 | Found a huge runed gate.
 55170 | Vaults:2 | Found a huge runed gate.
 55170 | Vaults:2 | Found a huge runed gate.
 55170 | Vaults:2 | Found a huge runed gate.
 55171 | Vaults:2 | Found a huge runed gate.
 55171 | Vaults:2 | Found a huge runed gate.
 55171 | Vaults:2 | Found a huge runed gate.
 55177 | Vaults:2 | Found a huge runed gate.
 55177 | Vaults:2 | Found a huge runed gate.
 55177 | Vaults:2 | Found a huge runed gate.
 55177 | Vaults:2 | Found a huge runed gate.
 55177 | Vaults:2 | Found a huge runed gate.
 55830 | Vaults:2 | Reached XP level 21. HP: 151/164 MP: 0/0
 55830 | Vaults:2 | Learned a level 8 spell: Disjunction
 55834 | Vaults:2 | Reached skill level 21 in Fire Magic
 56035 | Vaults:2 | Found a huge runed gate.
 56035 | Vaults:2 | Found a huge runed gate.
 56035 | Vaults:2 | Found a huge runed gate.
 56035 | Vaults:2 | Found a huge runed gate.
 56035 | Vaults:2 | Found a huge runed gate.
 56035 | Vaults:2 | Found a huge runed gate.
 56036 | Vaults:2 | Found a huge runed gate.
 56037 | Vaults:2 | Found a huge runed gate.
 56038 | Vaults:2 | Found a huge runed gate.
 56046 | Vaults:2 | Found a huge runed gate.
 56046 | Vaults:2 | Found a huge runed gate.
 56046 | Vaults:2 | Found a huge runed gate.
 56046 | Vaults:2 | Found a huge runed gate.
 56046 | Vaults:2 | Found a huge runed gate.
 56216 | Vaults:2 | Noticed a golden dragon
 56226 | Vaults:2 | Killed a golden dragon
 56428 | Vaults:2 | Reached skill level 22 in Fire Magic
 57502 | Vaults:3 | Reached skill level 23 in Fire Magic
 58438 | Vaults:3 | Reached XP level 22. HP: 153/170 MP: 0/0
 58454 | Vaults:3 | Found a staircase to the Crypt.
 58457 | Vaults:3 | Noticed Saint Roka
 58474 | Vaults:3 | Killed Saint Roka
 58609 | Vaults:3 | Found Datumas's Armour Shoppe.
 58953 | Vaults:3 | Reached skill level 24 in Fire Magic
 60216 | Vaults:4 | Found a huge runed gate.
 60216 | Vaults:4 | Found a huge runed gate.
 60217 | Vaults:4 | Found a huge runed gate.
 60217 | Vaults:4 | Found a huge runed gate.
 60217 | Vaults:4 | Found a huge runed gate.
 60218 | Vaults:4 | Found a huge runed gate.
 60218 | Vaults:4 | Found a huge runed gate.
 60218 | Vaults:4 | Found a huge runed gate.
 60218 | Vaults:4 | Found a huge runed gate.
 60218 | Vaults:4 | Found a huge runed gate.
 60224 | Vaults:4 | Found a huge runed gate.
 60224 | Vaults:4 | Found a huge runed gate.
 60224 | Vaults:4 | Found a huge runed gate.
 60224 | Vaults:4 | Found a huge runed gate.
 60224 | Vaults:4 | Found a huge runed gate.
 60226 | Vaults:4 | Found a huge runed gate.
 60227 | Vaults:4 | Found a huge runed gate.
 60228 | Vaults:4 | Found a huge runed gate.
 60229 | Vaults:4 | Found a huge runed gate.
 60237 | Vaults:4 | Found a huge runed gate.
 60237 | Vaults:4 | Found a huge runed gate.
 60237 | Vaults:4 | Found a huge runed gate.
 60237 | Vaults:4 | Found a huge runed gate.
 60237 | Vaults:4 | Found a huge runed gate.
 60238 | Vaults:4 | Found a huge runed gate.
 60264 | Vaults:4 | Found a huge runed gate.
 60264 | Vaults:4 | Found a huge runed gate.
 60264 | Vaults:4 | Found a huge runed gate.
 60264 | Vaults:4 | Found a huge runed gate.
 60264 | Vaults:4 | Found a huge runed gate.
 60264 | Vaults:4 | Found a huge runed gate.
 60296 | Vaults:4 | Reached skill level 25 in Fire Magic
 60491 | Vaults:4 | Found a huge runed gate.
 60492 | Vaults:4 | Found a huge runed gate.
 60493 | Vaults:4 | Found a huge runed gate.
 60501 | Vaults:4 | Found a huge runed gate.
 60501 | Vaults:4 | Found a huge runed gate.
 61634 | Vaults:5 | Entered Level 5 of the Vaults
 62012 | Depths:1 | Entered Level 1 of the Depths
 62016 | Depths:1 | Reached skill level 26 in Fire Magic
 62022 | Depths:1 | Reached XP level 23. HP: 126/176 MP: 0/0
 62022 | Depths:1 | Learned a level 7 spell: Ozocubu's Refrigeration
 62646 | Depths:1 | Found a gateway to Hell.
 63287 | Depths:1 | You are sucked into a shaft and drop 1 floor!
 63568 | Depths:2 | Noticed the Enchantress
 63587 | Depths:2 | Killed the Enchantress
 64033 | Depths:2 | Found a one-way gate leading to the halls of Pandemonium.
 64923 | Depths:2 | Identified the +2 falchion "Ykunutt" {freeze, rElec Int+2}
 64925 | Depths:2 | Identified the +0 chain mail "Dovesam" {rF- rC+ Str-2
                  | Dex+5}
 64950 | Depths:2 | Noticed a dread lich
 64952 | Depths:2 | Noticed an ancient lich
 64955 | Depths:2 | Killed an ancient lich
 64957 | Depths:2 | Killed a dread lich
 65225 | Depths:2 | Bought the amulet "Ebisy" {rC+ Regen+ Str+4} for 681 gold
                  | pieces
 65237 | Depths:2 | Bought the ring of the Mage {Wiz Archmagi} for 663 gold
                  | pieces
 65237 | Depths:2 | Found the ring of the Mage {Wiz Archmagi}
 66071 | Depths:3 | Found a one-way gate to the infinite horrors of the Abyss.
 66075 | Depths:3 | Reached XP level 24. HP: 158/172 MP: 0/0
 66109 | Depths:3 | Found a one-way gateway to a ziggurat.
 66142 | Depths:3 | Reached skill level 5 in Stealth
 66594 | Depths:3 | Identified the +7 spear "Qageph" {heavy, rElec rPois rF+
                  | Str-4}
 66752 | Depths:4 | Entered Level 4 of the Depths
 68130 | Depths:4 | Noticed a golden dragon
 68134 | Depths:4 | Killed a golden dragon
 68334 | Depths:4 | Found a gate to the Realm of Zot.
 68855 | Elf:1    | Entered Level 1 of the Elven Halls
 68857 | Elf:1    | Noticed Louise
 68864 | Elf:1    | Killed Louise
 69890 | Elf:2    | Found a flickering gateway to a bazaar.
 69904 | Bazaar   | Entered a bazaar
 69904 | Bazaar   | Found Aneheod's Jewellery Shop.
 69909 | Bazaar   | Found Dostreew's Armour Shop.
 69919 | Bazaar   | Found Iskiqarphoe's Magic Scroll Boutique.
 69926 | Bazaar   | Found Qaczynie's Antique Weapon Shop.
 69962 | Bazaar   | Found Vecemuer's Antique Armour Boutique.
 70005 | Bazaar   | Bought an ichor-stained spear for 232 gold pieces
 70005 | Bazaar   | Identified the +2 spear "Xaonok" {chaos, Int+3} (You bought
                  | it in a shop in a bazaar)
 70014 | Bazaar   | Bought a scroll of teleportation for 36 gold pieces
 70014 | Bazaar   | Bought a scroll of teleportation for 36 gold pieces
 70014 | Bazaar   | Bought a scroll of revelation for 90 gold pieces
 70129 | Elf:2    | Found a huge runed translucent gate.
 70130 | Elf:2    | Found a huge runed translucent gate.
 70132 | Elf:2    | Found a huge runed translucent gate.
 70132 | Elf:2    | Found a huge runed translucent gate.
 70138 | Elf:2    | Found a huge runed translucent gate.
 71086 | Elf:2    | Reached XP level 25. HP: 171/191 MP: 0/0
 71086 | Elf:2    | Learned a level 8 spell: Ignition
 71469 | Elf:3    | Entered Level 3 of the Elven Halls
 71613 | Elf:3    | Identified the +10 hand axe "Nokerhud" {protect, rC++ Will-
                  | SInv}
 71663 | Elf:3    | Found Silunash's Book Boutique.
 71697 | Elf:3    | Found Bibloat's Weapon Shop.
 72019 | Elf:3    | Reached skill level 10 in Evocations
 72390 | Elf:3    | Identified the +4 leather armour of the Apprentice {rF-
                  | Str+9 Dex-3 SInv}
 73145 | Vaults:5 | Reached skill level 10 in Stealth
 73169 | Vaults:5 | Identified the ring of Qagasm {rPois Will+ Dex+6}
 73208 | Vaults:5 | Identified the +2 ring mail "Gaugo" {rC+ Int+2 Dex+3}
 73403 | Vaults:5 | Reached XP level 26. HP: 192/200 MP: 0/0
 73696 | Vaults:5 | Got a silver rune of Zot
 74296 | Vaults:5 | Found Kamene's Armour Shop.
 74472 | Vaults:5 | Identified the +3 scimitar "Pyilas" {freeze, rElec}
 74490 | Vaults:5 | Identified the +3 hand axe "Cesewk" {freeze, Str+5 SInv}
 74530 | Vaults:5 | Noticed an ancient lich
 74542 | Vaults:5 | Killed an ancient lich
 75389 | Slime:1  | Entered Level 1 of the Pits of Slime
 75958 | Vaults:5 | Identified the +0 helmet of Noon {rC+++ MP+9 Str+2 Slay-2}
 76288 | Slime:5  | Entered Level 5 of the Pits of Slime
 76336 | Slime:5  | Found a viscous altar of Jiyva.
 76337 | Slime:5  | Noticed the Royal Jelly
 76343 | Slime:5  | Killed the Royal Jelly
 76355 | Slime:5  | Lost mutation: Your mind is acute. (Int +4, Str/Dex -1) [a
                  | shining eye]
 76464 | Slime:5  | Found the +5 glaive of the Guard {elec, spectral, AC+5}
 76516 | Slime:5  | Identified the +12 hand axe "Susidink" {venom, rF+}
 76597 | Slime:5  | Identified the +8 chain mail of Epur {Harm Int+3}
 76605 | Slime:5  | Identified the staff "Udi Adis" {Fragile rElec rC+ Str+3
                  | Fire Ice}
 76693 | Slime:5  | Identified the +7 trident "Djinni's Curse" {spect, rF-
                  | Str+5}
 76702 | Slime:5  | Got a slimy rune of Zot
 76994 | Slime:5  | Identified the staff "Ruyb" {Drain Dex+4 Earth}
 77637 | Zot:1    | Entered Level 1 of the Realm of Zot
 77985 | Zot:1    | Reached skill level 27 in Fire Magic
 79012 | Zot:2    | Reached XP level 27. HP: 167/209 MP: 0/0
 79012 | Zot:2    | Learned a level 9 spell: Death's Door
 79443 | Zot:2    | Identified the +11 mace of Qyilouqyg {heavy, Drain Int+5}
 79635 | Zot:2    | Reached skill level 15 in Armour
 80145 | Zot:2    | Noticed Grunn
 80150 | Zot:2    | Killed Grunn
 80492 | Zot:3    | You are sucked into a shaft and drop 1 floor!
 83281 | Zot:5    | Entered Level 5 of the Realm of Zot
 83395 | Zot:5    | Found a blossoming altar of Fedhas.
 84296 | Zot:5    | Reached skill level 1 in Shapeshifting
 84394 | Zot:5    | Noticed an ancient lich
 84410 | Zot:5    | Killed an ancient lich
 84417 | Zot:5    | Noticed an orb of fire
 84489 | Zot:5    | Noticed a Killer Klown
 84489 | Zot:5    | Noticed a Killer Klown
 84493 | Zot:5    | Killed a Killer Klown
 84494 | Zot:5    | Killed a Killer Klown
 84499 | Zot:5    | Noticed an ancient lich
 84502 | Zot:5    | Noticed a dread lich
 84503 | Zot:5    | Killed an orb of fire
 84757 | Zot:5    | Killed an ancient lich
 84816 | Zot:5    | Noticed a Killer Klown
 84817 | Zot:5    | Noticed a dread lich
 84818 | Zot:5    | Noticed a Killer Klown
 84820 | Zot:5    | Noticed an orb of fire
 84837 | Zot:5    | Killed a dread lich
 84842 | Zot:5    | Killed an orb of fire
 84844 | Zot:5    | Noticed an ancient lich
 84847 | Zot:5    | Killed a dread lich
 84853 | Zot:5    | Killed an ancient lich
 84856 | Zot:5    | Killed a Killer Klown
 84865 | Zot:5    | Noticed an ancient lich
 84978 | Zot:5    | Killed a Killer Klown
 85075 | Zot:5    | Noticed an ancient lich
 85082 | Zot:5    | Killed an ancient lich
 85106 | Zot:5    | Noticed a dread lich
 85111 | Zot:5    | Noticed a dread lich
 85113 | Zot:5    | Killed a dread lich
 85117 | Zot:5    | Killed a dread lich
 85482 | Zot:5    | Noticed a dread lich
 85488 | Zot:5    | Killed a dread lich
 85579 | Zot:5    | Killed an ancient lich
 86495 | D:15     | Bought a potion of brilliance for 108 gold pieces
 86497 | D:15     | Bought a twisted cloak for 247 gold pieces
 86497 | D:15     | Identified the +0 cloak "Detudegi" {Int+3 Dex+2} (You
                  | bought it in a shop on level 15 of the Dungeon)
 86508 | D:15     | Bought a shimmering hat for 234 gold pieces
 86508 | D:15     | Identified the +1 hat of the Contumacious God {rC+ rN+
                  | Str-2 Stlth+} (You bought it in a shop on level 15 of the
                  | Dungeon)
 86509 | D:15     | Bought the +18 shield of the Gong {Loud rN+ Will+ rCorr
                  | EV-5} for 2493 gold pieces
 86509 | D:15     | Found the +18 shield of the Gong {Loud rN+ Will+ rCorr
                  | EV-5}
 86600 | D:15     | Bought an ominously black robe for 148 gold pieces
 86600 | D:15     | Identified the +2 robe of Polytheism {Regen+ Str+5} (You
                  | bought it in a shop on level 15 of the Dungeon)
 87022 | Zot:5    | Got the Orb of Zot
 87271 | Depths:4 | Noticed a seraph
 87276 | Depths:4 | Killed a seraph
 87751 | D:$      | Escaped with the Orb!

Illustrated notes

Levels and vault maps discovered:
D:1:      kilobyte_arrival_exit_the_forest, layout_loops_ring,
          hellmonk_ecumenical_altar_watching_god, serial_shops, shop
D:2:      layout_loops_ring, serial_shops, shop
D:3:      layout_basic
D:4:      old_forge, layout_loops_ring, dk_noncrumbling_4,
          minmay_misc_feat_nine_boxes, nrook_campfire, due_unseen_surprise
D:5:      layout_loops_ring, pf_just_have_faith, minmay_misc_feat_five,
          kennysheep_generic_room_15
D:6:      layout_loops_ring, lemuel_crystal_altar, okawaru_ov_weapons_minmay,
          nicolae_uskayaw_dance_hall
D:7:      layout_rooms, lemuel_doored_altar,
          beargit_hepliaklqana_dungeon_heroes,
          minmay_temple_entry_enclosed_plants, serial_shops,
          kennysheep_mini_moat, uniq_pikel, uniq_crazy_yiuf_cottage
D:8:      layout_cave_pools, fedhas_altar_fruit_tree,
          nicolae_qazlal_style_of_elements, uniq_maggie
D:9:      nzn_winding_woodlands_large [nzn_winding_woodlands_hourglass,
          nzn_winding_woodlands_5x15_cabin, nzn_winding_woodlands_5x5_default,
          nzn_winding_woodlands_center_pierced_h,
          nzn_winding_woodlands_15x15_eel_pit,
          nzn_winding_woodlands_center_garden, nzn_winding_woodlands_5x5_cross,
          nzn_winding_woodlands_5x15_default,
          nzn_winding_woodlands_5x5_default], layout_loops_ring,
          grunt_temple_overflow_magic_moments, ashenzari_altar_1, enter_bailey_3
D:10:     layout_rooms, elyvilon_altar_5, mainiacjoe_overflow_six_doors_small,
          orc_0_dummy, hellmonk_ghost_big_iron, uniq_amaemon, uniq_erica
D:11:     minmay_the_grid_net [minmay_the_grid_diamond_grid,
          minmay_the_grid_tree, minmay_the_grid_gridbox, minmay_the_grid_spikes,
          minmay_the_grid_tri_star, minmay_the_grid_prize_inner_circle],
          layout_loops_ring, biasface_ghost_orc_armoury, trog_ov_bears_minmay,
          uniq_sonja, uniq_urug
D:12:     layout_loops_ring, nemelex_spade_bored_becter
D:13:     layout_rooms, david_vaults_3, serial_shops, statue_bzr,
          reono_crystal_passage, lemuel_blue_sif_altar
D:14:     layout_rooms, nicolae_gozag_cash_rules_everything_around_me,
          uniq_roxanne, uniq_josephine
D:15:     gammafunk_depths_entry_grave, layout_loops_ring, serial_shops, shop,
          nicolae_diamond_shop, nicolae_shop_tiny_glass, serial_glass,
          glass_columns_c, glass_columns_b, glass_columns_c, glass_columns_a,
          glass_columns_a, glass_columns_c, nicolae_benzene_ring
Temple:   hellmonk_temple_beads
Lair:1:   layout_cave_shapes, lemuel_fruit_fields, lemuel_fruit_fields,
          uniq_jeremiah
Lair:2:   layout_regular_city, serial_forest, infiniplex_forest_straight_2,
          infiniplex_forest_corner_1, infiniplex_forest_lined_room_3,
          infiniplex_forest_lined_corner, infiniplex_forest_clump_small,
          infiniplex_forest_join, guppyfry_lair_drakes
Lair:3:   layout_cave_pods, minmay_shoals_entry_lonely_mermaid,
          spider_nest_entry_a, hellmonk_ghost_happy_afterlife,
          grunt_megastairs_5, uniq_gastronok, uniq_nergalle, uniq_snorg
Lair:4:   layout_loops_ring, minmay_slime_entry_pillars,
          kennysheep_abandoned_house, serial_bayou_shore_b
Lair:5:   gammafunk_lair_ancient_temple, layout_gridlike, gammafunk_ghost_icy,
          minmay_lair_oklob_bushes, serial_bayou_ford_a,
          grunt_forest_small_clearing_treed
Shoals:1: layout_shoals, gammafunk_ghost_cemetery
Shoals:2: layout_shoals, serial_shops, nicolae_shop_trees,
          nicolae_shoals_goliath_grotto
Shoals:3: layout_shoals, nicolae_shoals_nymph_descending_staircase
Shoals:4: shoals_end_hellmonk_storm_palace [storm_palace_center_square,
          storm_palace_corner_grid, storm_palace_corner_narrow,
          storm_palace_corner_narrow, storm_palace_corner_narrow]
Spider:1: layout_spider_delve, uniq_rupert, uniq_asterion
Spider:2: layout_spider_delve, uniq_aizul
Spider:3: layout_spider_delve, ebering_ghost_disaster_area,
          hangedman_spider_tarantella_strand, uniq_bai_suzhen, uniq_kirke
Spider:4: guppyfry_spider_rune, drop_trap
Slime:1:  layout_caves, nicolae_slime_barrier
Slime:2:  layout_caves
Slime:3:  layout_caves, cheibrodos_slime_lost_civilization_4
Slime:4:  layout_caves, basic_altar
Slime:5:  slime_pit_nicolae_inversion
Orc:1:    layout_caves, portal_ice_cave_entry_imps, serial_shops,
          nicolae_shop_rolling_square
Orc:2:    st_orc_town, layout_caves, basic_altar
Elf:1:    minmay_elf_arrival_plus, layout_geoelf_diagonals,
          hangedman_corner_corridor, uniq_louise
Elf:2:    elven_hall_of_blades_hangedman_alternative [grunt_blade_entry_basic],
          layout_onion_city, serial_shops, bzr_in_the_mist
Elf:3:    elf_hall, layout_loops_cross, serial_shops, nicolae_shop_waterfront,
          minmay_shop_star
Vaults:1: nicolae_vaults_tetromino_T_1, nicolae_vaults_lightning_bolt,
          v_misc_24, hangedman_vaults_corner, nicolae_vaults_network_s,
          v_misc_22, nicolae_vaults_little_squares_5,
          nicolae_vaults_shrinking_rooms_1, nicolae_vaults_tetromino_Z_1,
          nicolae_vaults_mini_display_case, nicolae_vaults_cochlea,
          nicolae_vaults_three_branches, vaults_dpeg_encased_lava,
          vaults_dpeg_spiral, vaults_room_guarded_vault, ontoclasm_vaults_fault,
          layout_vaults_maze, serial_shops, bzr_entry_safe, uniq_zenata,
          uniq_norris
Vaults:2: nicolae_vaults_sightless_eye, door_vault, nicolae_vaults_six-pack,
          nicolae_vaults_storage_closets_2, nicolae_vaults_octothorpe,
          hangedman_vaults_slice, nicolae_vaults_surprise_closet,
          nicolae_vaults_trapezoid_2, v_misc_23, layout_vaults_omnicross
Vaults:3: minmay_crypt_entry_nasty_monster, v_rooms_6, v_misc_33,
          st_spiral_rooms, vaults_dpeg_diagonal, hangedman_vaults_trim,
          v_alt_pattern_6, nicolae_vaults_mitosis, ontoclasm_vaults_ring_small,
          hangedman_vaults_restitches, nicolae_vaults_octothorpe,
          grunt_vaults_focal, nicolae_vaults_gold_heap, nicolae_vaults_house_2,
          layout_vaults_ring, serial_shops, shop, uniq_saint_roka
Vaults:4: nicolae_vaults_more_shelving_1, nicolae_vaults_little_ls,
          not_door_vault_due, hangedman_vaults_capsules,
          nicolae_vaults_trapezoid_lopsided_4, vaults_standard_mumra_lines,
          ontoclasm_vaults_idyll, ontoclasm_vaults_pinch,
          nicolae_vaults_what_the_h, nicolae_vaults_double_plus_3, v_misc_16,
          nicolae_vaults_windows_and_doors_thing, layout_vaults_omnibox
Vaults:5: serial_shops, uniq_margery
Depths:1: layout_cave_pools, hell_entry, kiku_gazebo_pond_becter
Depths:2: evilmike_library_of_no_secrets, layout_basic, pan_entry,
          chequers_serial_rivers_micro_a, hell_entry, kennysheep_four_rooms,
          infiniplex_staircase_x, uniq_enchantress
Depths:3: dreamdust_tengu_aerie, layout_long_grid, enter_ziggurat_e,
          kennysheep_nondescript, lightli_too_deep, abyss_entry,
          minmay_staircase_bubble, uniq_josephina
Depths:4: evilmike_zot_entry_hall, layout_cave_pools, pan_entry, hell_entry,
          minmay_misc_feat_plants
Zot:1:    kennysheep_blocky_hall, layout_gridlike, grunt_ministairs_2
Zot:2:    layout_misc_corridors, grunt_ministairs_11, uniq_grunn
Zot:3:    layout_cathedral_of_symmetry
Zot:4:    layout_onion_interference
Zot:5:    layout_concentric_octagons, basic_altar

Skill      XL: |  1  2  3  4  5  6  7  8  9 10 11 12 13 14 15 16 17 18 19 20 21 22 23 24 25 26 27 |
---------------+----------------------------------------------------------------------------------+-----
Spellcasting   | 4 5 6 7 8 10 12 14 16 18 19 21 22 23 | 23.4
Conjurations   | 4 5 6 7 8 10 12 14 16 18 19 21 22 23 | 23.4
Hexes          | 4 5 6 7 8 10 12 14 16 18 19 21 22 23 | 23.4
Summonings     | 4 5 6 7 8 10 12 14 16 18 19 21 22 24 | 24.7
Necromancy     | 4 5 6 7 8 10 12 14 16 18 19 21 22 23 | 23.4
Translocations | 4 5 6 7 8 10 12 14 16 18 19 21 22 23 | 23.4
Transmutations | 4 5 6 7 8 10 12 14 16 18 19 21 22 23 | 23.4
Fire Magic     | 4 5 6 7 8 10 12 14 17 20 23 26 27 | 27.0
Ice Magic      | 4 5 6 7 8 10 12 14 16 18 19 21 22 23 | 23.4
Air Magic      | 4 5 6 7 8 10 12 14 16 18 19 21 22 23 | 23.4
Earth Magic    | 4 5 6 7 8 10 12 14 16 18 19 21 22 23 | 23.4
Poison Magic   | 4 5 6 7 8 10 12 14 16 18 19 21 22 23 | 23.4
Stealth        | 2 4 8 10 | 10.0
Dodging        | 3 4 5 7 10 11 14 15 17 18 19 20 21 | 21.6
Fighting       | 1 2 3 5 6 8 10 14 16 17 18 19 20 21 23 | 23.1
Evocations     | 2 3 5 7 8 9 11 12 | 12.0
Shields        | 4 10 11 | 11.8
Armour         | 6 10 11 13 14 15 | 15.7
Shapeshifting  | 3 |  3.6

Action                     |  1- 3 |  4- 6 |  7- 9 | 10-12 | 13-15 | 16-18 | 19-21 | 22-24 | 25-27 || total
---------------------------+-------+-------+-------+-------+-------+-------+-------+-------+-------++-------
  Melee: Unarmed           |     2 |       |       |       |       |       |       |       |       ||     2
         Trident           |    17 |    28 |    30 |       |       |       |       |       |       ||    75
         Punch             |       |       |     2 |     2 |    12 |       |       |       |       ||    16
         Spear             |       |       |    20 |   133 |   658 |       |       |       |       ||   811
         Headbutt          |       |       |       |       |   152 |    77 |    14 |    22 |    39 ||   304
         Staff             |       |       |       |       |    55 |   257 |    41 |    62 |    91 ||   506
   Cast: Foxfire           |    33 |       |       |     3 |       |       |       |       |     9 ||    45
         Scorch            |    18 |    67 |    86 |   121 |   189 |     2 |       |     1 |       ||   484
         Sting             |       |     3 |       |       |       |       |       |       |       ||     3
         Volatile Blastmot |       |       |    32 |     3 |     2 |       |       |       |       ||    37
         Flame Wave        |       |       |     3 |     1 |     2 |       |       |       |       ||     6
         Searing Ray       |       |       |     3 |       |     1 |       |       |       |       ||     4
         Summon Guardian G |       |       |     4 |    28 |    69 |     8 |     1 |       |       ||   110
         Inner Flame       |       |       |       |     1 |     3 |       |       |       |       ||     4
         Lee's Rapid Decon |       |       |       |       |    84 |    42 |     1 |    48 |     3 ||   178
         Yara's Violent Un |       |       |       |       |    17 |    11 |     3 |       |       ||    31
         Swiftness         |       |       |       |       |     3 |       |       |       |       ||     3
         Starburst         |       |       |       |       |    79 |   296 |   339 |   307 |   377 ||  1398
         Leda's Unmaking   |       |       |       |       |       |       |    37 |    87 |   122 ||   246
         Malign Gateway    |       |       |       |       |       |       |    20 |    14 |     5 ||    39
         Ozocubu's Refrige |       |       |       |       |       |       |       |    27 |   112 ||   139
         Ignition          |       |       |       |       |       |       |       |       |    32 ||    32
         Death's Door      |       |       |       |       |       |       |       |       |     1 ||     1
 Invoke: Call Merchant     |       |       |       |       |     3 |       |     1 |     2 |     2 ||     8
         Potion Petition   |       |       |       |       |       |       |       |     3 |     5 ||     8
  Evoke: Wand              |       |       |     2 |     5 |     2 |     3 |       |       |       ||    12
         Phial of floods   |       |       |     1 |       |       |     1 |       |       |       ||     2
         Phantom mirror    |       |       |       |       |     2 |     1 |       |     1 |       ||     4
    Use: Scroll            |     1 |     7 |     3 |     7 |    15 |     7 |     2 |     2 |     9 ||    53
         Potion            |       |     2 |       |     3 |     4 |     6 |     4 |     1 |     4 ||    24
   Stab: Sleeping          |     1 |     1 |     2 |       |    14 |     4 |       |     1 |     2 ||    25
         Distracted        |       |       |     1 |     2 |     4 |     1 |     1 |       |     1 ||    10
         Paralysed         |       |       |       |       |     3 |     5 |       |       |       ||     8
 Armour: Robe              |     1 |    10 |    19 |     1 |       |       |       |       |       ||    31
         Steam dragon scal |       |       |       |    38 |   231 |    15 |       |       |       ||   284
         Acid dragon scale |       |       |       |       |       |   181 |    67 |    85 |   157 ||   490
  Dodge: Dodged            |    12 |    51 |    84 |    68 |   711 |   365 |   181 |   222 |   307 ||  2001
  Block: Other             |       |       |       |    25 |   179 |       |       |       |       ||   204
         Reflection        |       |       |       |     2 |     5 |    23 |    14 |    17 |       ||    61
         Buckler           |       |       |       |       |    50 |   343 |   169 |   127 |   144 ||   833
         Kite shield       |       |       |       |       |       |       |       |       |    45 ||    45

Table legend: (Time is in decaauts)
 A = Elapsed time spent in this place.
 B = Non-inter-level travel time spent in this place.
 C = Inter-level travel time spent in this place.
 D = Time resting spent in this place.
 E = Time spent auto-exploring this place.
 F = Levels seen in this place.
 G = Mean time per level.
                   A        B        C        D        E       F      G
               +--------+--------+--------+--------+--------+-----+--------+
         Total |  88240 |  81210 |   7030 |  17985 |  46292 |  58 | 1521.4 |
       Dungeon |  26080 |  23516 |   2564 |   6465 |  12641 |  15 | 1738.7 |
        Temple |    164 |     53 |    111 |      0 |     49 |   1 |  164.0 |
          Lair |  11268 |  10297 |    971 |   2300 |   5769 |   5 | 2253.6 |
        Shoals |   5226 |   5076 |    150 |    781 |   3158 |   4 | 1306.5 |
   Spider Nest |   5619 |   5526 |     93 |   1282 |   2830 |   4 | 1404.8 |
    Slime Pits |   1483 |   1312 |    171 |    180 |    414 |   5 |  296.6 |
  Orcish Mines |   3332 |   3090 |    242 |   1287 |   1169 |   2 | 1666.0 |
   Elven Halls |   3869 |   3706 |    163 |    154 |   2908 |   3 | 1289.7 |
        Vaults |  11433 |  10788 |    645 |   1554 |   7431 |   5 | 2286.6 |
        Depths |   6973 |   5940 |   1033 |   1067 |   3703 |   4 | 1743.2 |
           Zot |   8675 |   7793 |    882 |    970 |   5462 |   5 | 1735.0 |
        Bazaar |    449 |    449 |      0 |      0 |    186 |   3 |  149.7 |
        Bailey |   1241 |   1241 |      0 |    590 |    120 |   1 | 1241.0 |
      Ice Cave |   2421 |   2421 |      0 |   1352 |    450 |   1 | 2421.0 |
               +--------+--------+--------+--------+--------+-----+--------+

Top non-repeatable levels by time:
    D:11: 3500 daAuts
  Lair:3: 3468 daAuts
Vaults:3: 3025 daAuts
     D:9: 2666 daAuts
   Zot:5: 2479 daAuts
   IceCv: 2421 daAuts
  Lair:2: 2399 daAuts
    D:15: 2377 daAuts
Vaults:4: 2367 daAuts
Depths:3: 2248 daAuts
Depths:2: 2224 daAuts
     D:4: 2192 daAuts
Vaults:1: 2151 daAuts
  Lair:4: 2130 daAuts
  Lair:5: 2106 daAuts
